 Dungeon Crawl Stone Soup version 0.15-a0-734-g2b8d6ef (console) character file.

212 Plastic the Scratcher (level 5, -6/22 HPs)
             Began as a Felid Monk on May 11, 2014.
             Mangled by Grinder (8 damage)
             ... on Level 4 of the Dungeon.
             The game lasted 00:08:17 (1510 turns).

Plastic the Scratcher (Felid Monk)                  Turns: 1510, Time: 00:08:17

HP  -6/22        AC  1     Str 12      XL: 5   Next: 58%
MP   8/8         EV 21     Int 12      God:
Gold 6           SH  0     Dex 19      Spells:  0 memorised,  4 levels left
Lives: 0, deaths: 1

rFire  . . .     SeeInvis +       - Unarmed
rCold  . . .     Clarity  .     (armour unavailable)
rNeg   . . .     Conserve .     (shield unavailable)
rPois  .         rCorr    .     (helmet unavailable)
rElec  .         rRot     .     (cloak unavailable)
SustAb . .       Spirit   .     (gloves unavailable)
rMut   .         Warding  .     (boots unavailable)
Gourm  .         Stasis   .     (no amulet)
MR     .....                    (no ring)
                                (no ring)

@: mighty, quick, not resistant to hostile enchantments, fairly stealthy
A: paw claws, no armour, no weapons or thrown items, fangs 3, see invisible,
carnivore 3, speed 1, shaggy fur 1, slow metabolism 1, jump 1
a: Jump Attack


You were on level 4 of the Dungeon.
You were not hungry.

You visited 1 branch of the dungeon, and saw 4 of its levels.

You collected 66 gold pieces.
You spent 60 gold pieces at shops.

Inventory:

Comestibles
 b - 3 meat rations
 q - a chunk of iguana flesh
Scrolls
 a - 3 scrolls of identify
 c - a scroll of enchant weapon I {unknown}
 d - a scroll of fog {unknown}
 e - 2 scrolls of blinking {unknown}
 f - 2 scrolls of teleportation {unknown}
 h - a scroll of immolation {unknown}
 i - 4 scrolls of fear {unknown}
 l - 2 scrolls of recharging {unknown}
 m - a scroll of remove curse
Potions
 g - a potion of flight
 j - 2 potions of magic
 k - 3 potions of curing
 n - a potion of invisibility


   Skills:
 - Level 2.0 Fighting
 + Level 4.9 Dodging
 - Level 2.6 Stealth
 * Level 6.6 Unarmed Combat


You had 4 spell levels left.
You didn't know any spells.

Dungeon Overview and Level Annotations

Branches:
Dungeon (4/15)
 Temple: D:4-7

Altars:

Shops:
D:4 ?[

Annotations:
D:2 Ijyb, Sigmund
D:4 Grinder


Innate Abilities, Weirdness & Mutations

You cannot wear armour.
You are incapable of wielding weapons or throwing items.
Your paws have sharp claws.
You have razor-sharp teeth.
You have supernaturally acute eyesight.
You are carnivorous and can eat meat at any time.
You cover ground quickly.
You are covered in fur (AC +1).
You have a slow metabolism.
You can jump attack at a short distance.


Message History

The bat hits you.
You claw the bat!
You kill the bat!
Grinder shouts!
Grinder barely misses you.
You completely miss Grinder. Your bite misses Grinder. Grinder hits you.
You writhe in agony. x2
You claw Grinder! You bite Grinder!
Grinder is heavily wounded.
Grinder hits you.
You writhe in agony.
You scratch Grinder.
Grinder is heavily wounded.
Grinder hits you.
* * * LOW HITPOINT WARNING * * *
You writhe in agony.
* * * LOW HITPOINT WARNING * * *
You barely miss Grinder.
Grinder is heavily wounded.
Grinder hits you!
You die...

#...........
#..########. #..# #.%#
#..######## #..........
#.#########
#.###########
#......@5...#
#...........#
#.########### #.#
#.####### #........
#......... #%###########
#.(.........############


You could see Grinder.

Vanquished Creatures
  The ghost of Plastic the Scratcher, an average FeMo of Qazlal (D:4)
  An ogre (D:4)
  An iguana (D:4)
  2 adders
  3 giant geckos
  An orc (D:3)
  7 bats
  4 giant cockroaches
  5 hobgoblins
  12 jackals
  3 kobolds
  2 ball pythons
  2 giant newts (D:1)
  6 goblins
  10 rats
  A rat skeleton (D:3)
61 creatures vanquished.

Notes
Turn   | Place    | Note
--------------------------------------------------------------
     0 | D:1      | Plastic, the Felid Monk, began the quest for the Orb.
     0 | D:1      | Reached XP level 1. HP: 9/9 MP: 2/2
   175 | D:1      | Reached XP level 2. HP: 13/13 MP: 3/3
   416 | D:2      | Noticed Sigmund
   629 | D:2      | Reached XP level 3. HP: 8/16 MP: 5/5
   734 | D:2      | Noticed Ijyb
  1157 | D:4      | Found Twaxonog's Armour Emporium.
  1277 | D:4      | Reached XP level 4. HP: 15/19 MP: 7/7
  1303 | D:4      | Reached skill level 5 in Unarmed Combat
  1313 | D:4      | Noticed an ogre
  1342 | D:4      | Killed an ogre
  1342 | D:4      | Reached skill level 6 in Unarmed Combat
  1342 | D:4      | Reached XP level 5. HP: 1/22 MP: 8/8
  1405 | D:4      | Noticed Grinder
  1406 | D:4      | Slain by Grinder
  1407 | D:4      | Reached XP level 4. HP: -1/19 MP: 7/7
  1434 | D:4      | Found Wucub's Magic Scroll Emporium.
  1434 | D:4      | Noticed Plastic's ghost (average FeMo)
  1448 | D:4      | Killed Plastic's ghost
  1448 | D:4      | Reached XP level 5. HP: 22/22 MP: 8/8
  1458 | D:4      | Bought a scroll of identify for 20 gold pieces
  1458 | D:4      | Bought a scroll of identify for 20 gold pieces
  1458 | D:4      | Bought a scroll of identify for 20 gold pieces
  1510 | D:4      | Mangled by Grinder

Action                   |  1- 3 |  4- 6 || total
-------------------------+-------+-------++-------
Melee: Unarmed           |   140 |    29 ||   169
  Use: Scroll            |     5 |     1 ||     6
       Potion            |       |     1 ||     1
 Stab: Sleeping          |    10 |     2 ||    12
